 Dungeon Crawl Stone Soup version 0.28-a0-461-g2dc4ca5097 (webtiles) character file.

Game seed: 16482178651312105931

2215 Rennog the Slasher (level 9, -8/71 HPs)
             Began as a Formicid Fighter on Sept 13, 2021.
             Was an Elder of Makhleb.
             Mangled by an orc warrior (28 damage)
             ... in a bailey.
             The game lasted 00:14:39 (8044 turns).

Rennog the Slasher (Formicid Fighter)               Turns: 8044, Time: 00:14:40

Health: -8/71      AC: 16    Str: 22    XL:     9   Next: 61%
Magic:  9/9        EV:  6    Int:  7    God:    Makhleb [****..]
Gold:   206        SH:  6    Dex: 13    Spells: 8/8 levels left

rFire   . . .      SeeInvis +   a - +0 long sword
rCold   . . .      Faith    .   c - +0 buckler
rNeg    . . .      Spirit   .   u - +0 plate armour
rPois   .          Reflect  .   (helmet unavailable)
rElec   .          Harm     .   y - +0 cloak
rCorr   .          Rampage  .   b - +0 pair of gloves
Will    .....                   v - +0 pair of boots
Stlth   ..........              (no amulet)
HPRegen 0.21/turn               (no ring)
MPRegen 0.11/turn               (no ring)

@: no status effects
A: permanent stasis, dig shafts and tunnels, antennae 3, four strong arms
a: Dig, Renounce Religion, Minor Destruction, Lesser Servant of Makhleb, Major
Destruction


You were in a bailey.
You worshipped Makhleb.
Makhleb was greatly pleased with you.
You visited 1 branch of the dungeon, and saw 7 of its levels.
You also visited: Sewer and Bailey.

You collected 206 gold pieces.

Inventory:

Hand Weapons
 a - a +0 long sword (weapon)
Missiles
 A - a throwing net
Armour
 b - a +0 pair of gloves (worn)
 c - a +0 buckler (worn)
 u - a +0 plate armour (worn)
 v - a +0 pair of boots (worn)
 y - a +0 cloak (worn)
Jewellery
 w - an amulet of magic regeneration
 D - a ring of fire
Wands
 B - a wand of acid (5)
Scrolls
 e - 2 scrolls of enchant weapon
 f - 2 scrolls of vulnerability
 i - 4 scrolls of teleportation
 j - a scroll of magic mapping
 k - a scroll of blinking {unknown}
 l - a scroll of acquirement {unknown}
 r - a scroll of amnesia {unknown}
 z - a scroll of enchant armour {unknown}
Potions
 d - 3 potions of haste {unknown}
 h - 2 potions of curing
 m - a potion of mutation {unknown}
 n - 3 potions of magic
 o - 3 potions of resistance {unknown}
 p - 2 potions of cancellation {unknown}
 q - a potion of brilliance {unknown}
 s - a potion of heal wounds {unknown}
 t - a potion of might
 x - a potion of ambrosia {unknown}
 C - a potion of berserk rage {unknown}


   Skills:
 + Level 6.8 Fighting
 * Level 7.9 Long Blades
 + Level 6.8 Armour
 + Level 7.5 Shields


You had 8 spell levels left.
You didn't know any spells.
Your spell library contained the following spells:

 Spells                   Type           Power      Damage    Failure   Level
 Beastly Appendage        Tmut           0%         N/A       100%        1
 Wereblood                Tmut           0%         N/A       100%        2
 Gell's Gravitas          Tloc           0%         N/A       100%        3
 Ozocubu's Armour         Ice            0%         N/A       100%        3
 Spider Form              Tmut/Pois      0%         N/A       100%        3
 Teleport Other           Tloc           0%         N/A       100%        3
 Metabolic Englaciation   Hex/Ice        0%         N/A       100%        5
 Dispersal                Tloc           0%         N/A       100%        6
 Simulacrum               Ice/Necr       0%         N/A       100%        6


Dungeon Overview and Level Annotations

Branches:
Dungeon (6/15)              Sewer (visited)          Bailey (1/1)
 Temple: D:4-7

Altars:
Makhleb

Annotations:
D:3 Grinder


Innate Abilities, Weirdness & Mutations

You cannot be hasted, slowed, berserked, paralysed or teleported.
You can dig through walls and to a lower floor.
You have a pair of large antennae on your head. (SInv)
Your four strong arms can wield two-handed weapons with a shield.


Message History

You closely miss the orc warrior.
The orc warrior is severely wounded.
The orc warrior hits you but does no damage.
You closely miss the orc warrior.
The orc warrior is severely wounded.
The orc warrior hits you with a +0 battleaxe!
You hit the orc warrior.
The orc warrior is severely wounded.
The orc warrior hits you with a +0 battleaxe!!
* * * LOW HITPOINT WARNING * * *
Your plate armour prevents you from hitting the orc warrior.
The orc warrior is severely wounded.
The orc warrior hits you but does no damage.
You feel better. You block the orc warrior's attack.
You feel better.
The orc warrior hits you with a +0 battleaxe!
* * * LOW HITPOINT WARNING * * *
You hit the orc warrior.
The orc warrior is severely wounded.
You block the orc warrior's attack.
You closely miss the orc warrior.
The orc warrior is severely wounded.
The orc warrior hits you but does no damage.
You feel better. The orc warrior barely misses you.
Aiming: Corrosive Bolt
Press: ? - help, Shift-Dir - straight line, f - orc warrior
Aim: an orc warrior, wielding a +0 battleaxe and wearing a +0 plate armour (severely wounded, strong, 71% to hit)
The bolt of acid misses the orc warrior.
The orc warrior hits you with a +0 battleaxe!
* * * LOW HITPOINT WARNING * * *
Aiming: Corrosive Bolt
Press: ? - help, Shift-Dir - straight line, f/p - orc warrior
Aim: an orc warrior, wielding a +0 battleaxe and wearing a +0 plate armour (severely wounded, strong, 71% to hit)
The bolt of acid hits the orc warrior.
The acid corrodes the orc warrior!
The orc warrior is almost dead.
The orc warrior hits you but does no damage.
You closely miss the orc warrior.
The orc warrior is almost dead.
The orc warrior hits you with a +0 battleaxe!!
You die...

#.......# ##.......##
#.........# ##.........##
#######.....⌠.....#######
##.....##).......[##.....##
#.......).).......).......#
##.......##o......##)......#
#.........#@......#.........
##.........##.....##.........
#.....⌠.....#######.....⌠....
##.........## ##.........
#..o......# #.........
##.......## { ##.......#
#.......#{ #.......#
##..)..## { ##)####{


You could see an orc warrior (strong, corroded).

Vanquished Creatures
  Edmund (D:5)
  2 ice beasts (D:5)
  A hornet zombie (D:5)
  3 orc warriors (Bailey)
  2 necrophages
  An ogre (D:4)
  A kobold brigand (Sewer)
  3 phantoms
  3 scorpions
  A wyvern skeleton (D:5)
  A howler monkey (D:5)
  A gnoll shaman (D:4)
  An orc priest (D:7)
  3 hounds
  2 bullfrog skeletons
  4 iguanas
  A killer bee zombie (D:6)
  2 hound skeletons
  13 gnolls
  7 adders
  A howler monkey skeleton (D:7)
  A river rat (D:4)
  An adder skeleton (D:4)
  A worm (D:3)
  2 dart slugs
  25 orcs
  8 bats
  8 endoplasms
  2 giant cockroaches
  21 goblins
  13 hobgoblins
  2 jackals (D:4)
  26 kobolds
  A quokka (D:4)
  7 ball pythons
  4 frilled lizards
  5 rats
181 creatures vanquished.

Vanquished Creatures (others)
  4 plants (D:3)
4 creatures vanquished.

Grand Total: 185 creatures vanquished

Notes
Turn   | Place    | Note
-------+----------+-------------------------------------------
     0 | D:1      | Rennog the Formicid Fighter began the quest for the Orb.
     0 | D:1      | Reached XP level 1. HP: 18/18 MP: 1/1
    37 | D:1      | Found a faded altar of an unknown god.
    54 | D:1      | Became a worshipper of Makhleb the Destroyer
    54 | D:1      | Reached * piety under Makhleb
   260 | D:1      | Reached XP level 2. HP: 23/24 MP: 2/2
   894 | D:2      | Reached XP level 3. HP: 11/29 MP: 3/3
  1846 | D:3      | Noticed Grinder
  2121 | D:3      | Reached ** piety under Makhleb
  2262 | D:3      | Reached XP level 4. HP: 33/37 MP: 4/4
  2664 | D:4      | Noticed a scorpion
  2672 | D:4      | Found a glowing drain.
  2681 | D:4      | Killed a scorpion
  2682 | D:4      | Reached XP level 5. HP: 23/42 MP: 5/5
  2811 | Sewer    | Entered a sewer
  3021 | Sewer    | Noticed a kobold brigand
  3029 | Sewer    | Killed a kobold brigand
  3030 | Sewer    | Reached XP level 6. HP: 40/48 MP: 6/6
  3538 | D:4      | Noticed an ogre
  3818 | D:3      | Reached skill level 5 in Shields
  3924 | D:4      | Reached XP level 7. HP: 55/55 MP: 7/7
  4167 | D:4      | Reached *** piety under Makhleb
  4217 | D:4      | Reached skill level 5 in Long Blades
  4241 | D:4      | Reached skill level 5 in Fighting
  4241 | D:4      | Reached skill level 5 in Armour
  4503 | D:4      | Reached XP level 8. HP: 41/62 MP: 8/8
  5420 | D:5      | Entered Level 5 of the Dungeon
  5818 | D:5      | Noticed Edmund
  6049 | D:5      | Reached **** piety under Makhleb
  6549 | D:5      | Reached XP level 9. HP: 35/69 MP: 9/9
  6789 | D:5      | Killed Edmund
  7085 | D:6      | Identified the +3 hunting sling of Demonkind {speed, rElec}
  7286 | D:6      | You fall into a shaft and drop 1 floor!
  7385 | D:7      | Found a flagged portal.
  7403 | Bailey   | Entered a bailey
  8044 | Bailey   | Mangled by an orc warrior

Illustrated notes

Levels and vault maps discovered:
D:1:      psy_arrival_conway, layout_basic, dreamdust_ecumenical_altar_statues
D:2:      layout_loops_ring
D:3:      corexii_shack_village, layout_basic, uniq_grinder
D:4:      layout_cave_pools, cheibrodos_sewer_entry_sluice,
          minmay_quadrilaterals
D:5:      layout_loops_ring, uniq_edmund
D:6:      layout_cave_pools, temple_fountains, hangedman_decor_clover_reticule
D:7:      cheibrodos_barr_body, layout_loops_corners,
          mainiacjoe_overflow_brackets, enter_bailey_3
Bailey:   bailey_axe_minmay_hex_keep, bailey

Skill      XL: |  1  2  3  4  5  6  7  8  9 |
---------------+----------------------------+-----
Shields        | 4 5 6 7 |  7.5
Long Blades    | 3 4 5 6 7 |  7.9
Fighting       | 4 5 6 |  6.8
Armour         | 4 5 6 |  6.8

Action                   |  1- 3 |  4- 6 |  7- 9 || total
-------------------------+-------+-------+-------++-------
Melee: Long sword        |   105 |   124 |   536 ||   765
 Abil: Dig               |       |       |     2 ||     2
Evoke: Wand              |       |       |     2 ||     2
  Use: Potion            |       |     1 |     3 ||     4
       Scroll            |       |       |     6 ||     6
Armor: Scale mail        |     8 |       |       ||     8
       Chain mail        |    47 |    98 |       ||   145
       Plate armour      |       |    30 |   313 ||   343
Dodge: Dodged            |    37 |    53 |   127 ||   217
Block: Buckler           |    23 |    51 |   150 ||   224

Table legend: (Time is in decaauts)
 A = Elapsed time spent in this place.
 B = Non-inter-level travel time spent in this place.
 C = Inter-level travel time spent in this place.
 D = Time resting spent in this place.
 E = Time spent auto-exploring this place.
 F = Levels seen in this place.
 G = Mean time per level.
                   A        B        C        D        E       F      G
               +--------+--------+--------+--------+--------+-----+--------+
         Total |   8178 |   7737 |    441 |    638 |   5231 |   9 |  908.7 |
       Dungeon |   6956 |   6515 |    441 |    545 |   4529 |   7 |  993.7 |
         Sewer |    580 |    580 |      0 |      0 |    425 |   1 |  580.0 |
        Bailey |    642 |    642 |      0 |     93 |    277 |   1 |  642.0 |
               +--------+--------+--------+--------+--------+-----+--------+

Top non-repeatable levels by time:
     D:5: 1602 daAuts
     D:4: 1572 daAuts
     D:3: 1398 daAuts
     D:2: 1115 daAuts
     D:1: 869 daAuts
  Bailey: 642 daAuts
   Sewer: 580 daAuts
     D:6: 278 daAuts
     D:7: 119 daAuts
